Map: [ESL] Hard Lead

Players

Reynor - Winner!

  • Race: Zerg Zerg
  • Spawn Location: 11:00

Cyan

  • Race: Protoss Protoss
  • Spawn Location: 5:00

Event: ESL SC2 Masters 2023 Winter (Finals)

VOD

Have the link to the VOD?

Description

Time

  • Played on: Dec. 15, 2023, 5:10 p.m.
  • Length: 20:50

All games in this series

Show
View Real Time Build Order
Export as new Build Order

Reynor Zerg - Winner!

Build Orders: Hatch First, Lurkers 

Get SALT Encoding   

  12  0:00  Drone  
  13  0:11  Overlord  
  13  0:16  Drone  
  14  0:30  Drone x2  
  14  0:35  Drone  
  17  0:51  Hatchery  
  17  0:54  Drone  
  17  0:57  Drone  
  18  1:09  Extractor  
  17  1:12  Spawning Pool  
  17  1:15  Drone  
  17  1:18  Drone  
  18  1:27  Drone  
  19  1:38  Drone  
  20  1:48  Overlord  
  20  1:58  Queen  
  22  2:03  Zergling x2, Queen  
  22  2:04  Zergling x2  
  26  2:10  Drone  
  26  2:14  Drone  
  28  2:20  Drone  
  28  2:21  Metabolic Boost  
  29  2:25  Drone  
  30  2:36  Zergling x2  
  31  2:38  Queen  
  31  2:42  Hatchery  
  32  2:45  Zergling x2  
  32  2:49  Overlord  
  33  2:55  Zergling x2  
  34  2:59  Drone  
  34  3:01  Drone  
  36  3:07  Queen, Overlord  
  36  3:09  Drone  
  39  3:13  Drone  
  39  3:18  Drone x2  
  39  3:19  Drone  
  42  3:23  Overlord  
  42  3:26  Drone  
  43  3:31  Queen  
  45  3:34  Overlord  
  45  3:37  Zergling x2  
  46  3:43  Zergling x6  
  46  3:45  Drone  
  50  3:49  Drone x2  
  50  3:50  Drone  
  50  3:52  Drone  
  54  3:56  Drone x2  
  54  4:01  Drone  
  56  4:03  Queen  
  56  4:05  Drone  
  56  4:08  Overlord  
  59  4:12  Drone  
  59  4:13  Spore Crawler  
  59  4:16  Drone x2  
  61  4:17  Drone  
  62  4:25  Drone x2  
  62  4:26  Spore Crawler  
  62  4:27  Spore Crawler  
  62  4:31  Zergling x4  
  64  4:33  Drone x3  
  66  4:39  Roach Warren  
  66  4:40  Overlord  
  66  4:42  Drone  
  66  4:43  Drone  
  66  4:45  Drone  
  68  4:51  Drone x2, Overlord  
  68  4:52  Extractor  
  69  5:02  Overlord  
  69  5:06  Drone x2  
  71  5:07  Queen  
  71  5:12  Overlord  
  73  5:18  Roach  
  73  5:19  Roach x7  
  88  5:22  Zergling x2, Roach  
  88  5:25  Overlord  
  91  5:35  Drone x2  
  90  5:36  Lair  
  90  5:41  Overlord  
  90  5:43  Drone x4  
  90  5:44  Drone x2  
  90  5:46  Drone  
  90  5:48  Drone  
  91  5:50  Drone  
  91  5:51  Drone x2  
  91  5:52  Drone  
  91  5:56  Drone  
  93  5:57  Drone  
  93  6:01  Drone  
  93  6:04  Drone x2  
  93  6:08  Drone  
  93  6:10  Drone x2, Evolution Chamber  
  95  6:12  Drone  
  95  6:14  Drone x2  
  98  6:19  Drone  
  98  6:21  Extractor, Overlord  
  98  6:22  Extractor  
  97  6:26  Zergling x6  
  97  6:32  Drone  
  101  6:35  Glial Reconstitution  
  101  6:36  Overlord  
  101  6:37  Drone x3  
  101  6:39  Zerg Missile Weapons Level 1, Hatchery  
  103  6:42  Overlord  
  103  6:43  Drone x2  
  103  6:44  Drone  
  103  6:47  Drone x2  
  108  6:49  Extractor  
  108  6:50  Overlord  
  108  6:51  Extractor  
  106  7:00  Baneling Nest  
  111  7:01  Roach x5  
  111  7:04  Infestation Pit  
  111  7:05  Overlord  
  115  7:13  Roach x4  
  115  7:15  Zergling x6  
  124  7:19  Overlord  
  124  7:22  Ravager  
  125  7:25  Ravager  
  125  7:26  Zergling x10  
  125  7:29  Overseer  
  131  7:31  Ravager  
  131  7:34  Drone x6  
  131  7:35  Drone  
  139  7:37  Overlord  
  139  7:40  Overlord  
  139  7:43  Hive, Roach  
  141  7:54  Zergling x8  
  141  7:55  Drone, Overlord  
  144  8:00  Roach x4  
  144  8:01  Roach  
  144  8:04  Roach x4  
  159  8:09  Drone  
  159  8:12  Extractor  
  156  8:13  Extractor  
  156  8:14  Hydralisk Den  
  156  8:15  Ravager x2  
  156  8:16  Ravager  
  156  8:18  Zergling x8  
  161  8:21  Zergling x6  
  161  8:24  Drone x2  
  166  8:32  Drone x5  
  171  8:34  Zerg Missile Weapons Level 2  
  171  8:39  Overlord  
  171  8:41  Zergling x8  
  172  8:45  Hatchery  
  172  8:48  Drone  
  173  8:49  Lurker Den  
  170  8:59  Viper x2  
  170  9:01  Drone x2  
  178  9:04  Overlord  
  178  9:08  Muscular Augments  
  177  9:15  Hydralisk x2  
  177  9:16  Hydralisk x3  
  186  9:17  Hydralisk  
  186  9:22  Spore Crawler  
  186  9:29  Drone x3  
  189  9:31  Evolution Chamber  
  189  9:33  Spore Crawler, Spine Crawler  
  189  9:35  Overseer  
  186  9:39  Adrenal Glands  
  186  9:43  Drone x2  
  188  9:47  Spore Crawler, Spine Crawler  
  188  9:48  Seismic Spines  
  188  9:49  Lurker x4  
  190  9:54  Pneumatized Carapace  
  190  9:55  Overseer  
  190  10:07  Lurker x2  
  190  10:09  Hydralisk  
  190  10:10  Hydralisk  
  196  10:20  Hydralisk x2  
  200  10:25  Zergling x6  
  200  10:29  Extractor x2  
  200  10:33  Spore Crawler, Spine Crawler  
  196  10:37  Spore Crawler x2  
  196  10:38  Lurker x2  
  196  10:39  Drone x2, Overlord  
  196  10:41  Zerg Melee Weapons Level 1  
  197  10:55  Hydralisk  
  197  10:56  Hydralisk x3  
  185  11:05  Zergling x2  
  185  11:06  Zergling x36  
  185  11:09  Hydralisk x3  
  198  11:14  Zerg Missile Weapons Level 3  
  198  11:21  Spore Crawler, Spine Crawler  
  198  11:22  Lurker x3  
  198  11:24  Adaptive Talons  
  178  11:40  Hydralisk x5  
  178  11:41  Hydralisk  
  178  11:43  Drone x5  
  178  11:44  Extractor  
  196  11:47  Drone x3  
  196  11:48  Spine Crawler  
  196  11:49  Spore Crawler  
  196  11:51  Hydralisk x2  
  190  12:01  Zergling x2  
  190  12:02  Zergling x18  
  200  12:11  Spire  
  186  12:32  Zergling x28  
  188  12:39  Hydralisk x3  
  188  12:40  Zergling x14  
  176  12:45  Hydralisk x11  
  190  12:55  Zergling x18  
  198  13:04  Lurker x5  
  198  13:06  Zergling x4  
  200  13:14  Zerg Melee Weapons Level 2  
  200  13:19  Hatchery  
  198  13:30  Zergling x2  
  178  13:49  Lurker x18  
  178  13:50  Hydralisk  
  178  13:53  Zerg Flyer Armor Level 1  
  198  14:21  Zergling x2  
  175  14:40  Hydralisk x12  
  175  14:45  Zergling x40  
  193  14:50  Hydralisk x3  
  199  14:54  Zergling x2  
  194  15:01  Hydralisk x4  
  194  15:04  Zergling x16  
  194  15:05  Zergling x4  
  184  15:15  Lurker x5  
  184  15:16  Lurker, Hydralisk x4  
  198  15:33  Drone x3  
  193  15:51  Hydralisk x3  
  190  16:02  Hydralisk  
  190  16:03  Hydralisk x5  
  190  16:16  Zergling x24  
  194  16:23  Overlord  
  187  16:33  Lurker x8  
  187  16:37  Grooved Spines  
  187  16:38  Greater Spire  
  193  16:40  Drone x3  
  193  16:45  Lurker x4  
  200  16:49  Zerg Melee Weapons Level 3  
  200  16:50  Zerg Ground Armor Level 1  
  200  17:03  Spine Crawler  
  191  17:27  Infestor x2  
  178  17:46  Hydralisk  
  178  17:47  Zergling x20  
  178  17:48  Zergling x16  
  178  17:50  Queen  
  196  17:53  Overseer  
  195  18:14  Viper  
  192  18:26  Zergling x2  
  192  18:27  Zergling x30  
  181  18:29  Corruptor x4  
  181  18:30  Corruptor  
  181  18:31  Corruptor x3  
  193  18:37  Zerg Flyer Weapons Level 1  
  182  19:01  Extractor  
  182  19:02  Extractor, Brood Lord x8  
  196  19:12  Drone x2  
  196  19:13  Drone  
  191  19:32  Lurker x8  
  185  19:55  Zergling x30  
  197  20:16  Hydralisk  
  197  20:17  Zergling x24  
  197  20:20  Hydralisk x4  
  197  20:21  Hydralisk  
  194  20:29  Zergling x4  
  194  20:30  Zergling x8  
  200  20:39  Spore Crawler  
  200  20:40  Spine Crawler  
Show
View Real Time Build Order
Export as new Build Order

Cyan Protoss 

Build Orders: 1 Gate Expand 

Get SALT Encoding   

  12  0:00  Probe  
  13  0:13  Pylon  
  13  0:17  Probe (Chrono Boost)  
  14  0:27  Probe (Chrono Boost)  
  15  0:32  Probe (Chrono Boost)  
  16  0:40  Gateway  
  16  0:44  Probe  
  16  0:49  Assimilator  
  17  0:56  Probe  
  18  1:08  Probe  
  19  1:20  Probe  
  19  1:25  Nexus  
  20  1:34  Cybernetics Core  
  20  1:37  Probe  
  21  1:42  Assimilator  
  21  1:50  Probe  
  21  1:52  Pylon  
  22  2:02  Probe  
  22  2:08  Adept (Chrono Boost)  
  23  2:14  Probe  
  26  2:19  Stargate  
  26  2:26  Probe (Chrono Boost)  
  26  2:27  Warp Gate  
  26  2:28  Adept (Chrono Boost)  
  30  2:37  Probe (Chrono Boost)  
  31  2:44  Probe (Chrono Boost)  
  31  2:46  Probe (Chrono Boost)  
  31  2:51  Probe (Chrono Boost), Adept  
  33  2:58  Probe  
  36  3:02  Probe  
  41  3:08  Void Ray (Chrono Boost)  
  41  3:10  Probe  
  42  3:17  Probe  
  43  3:21  Gateway  
  43  3:27  Probe  
  44  3:31  Twilight Council  
  44  3:33  Gateway  
  44  3:37  Gateway  
  44  3:39  Probe  
  45  3:46  Probe  
  46  3:48  Pylon  
  46  4:02  Resonating Glaives (Chrono Boost)  
  46  4:03  Nexus  
  46  4:06  Probe x2  
  46  4:08  Shield Battery  
  48  4:16  Adept  
  50  4:17  Adept  
  50  4:19  Probe  
  50  4:21  Probe  
  54  4:26  Pylon  
  54  4:29  Pylon  
  54  4:44  Probe x2  
  54  4:45  Adept x3  
  62  4:47  Adept  
  64  4:55  Assimilator  
  64  4:56  Probe x2  
  64  4:57  Pylon  
  66  5:06  Adept x2  
  70  5:13  Pylon  
  70  5:15  Probe x2 (Chrono Boost)  
  70  5:16  Robotics Facility, Adept  
  70  5:17  Adept  
  77  5:25  Probe (Chrono Boost)  
  77  5:27  Probe (Chrono Boost)  
  77  5:28  Probe (Chrono Boost)  
  79  5:34  Probe (Chrono Boost)  
  81  5:35  Probe (Chrono Boost)  
  81  5:37  Adept x4  
  81  5:38  Probe (Chrono Boost)  
  88  5:47  Probe  
  81  5:55  Blink (Chrono Boost)  
  75  5:57  Probe  
  75  5:59  Probe  
  75  6:03  Stalker  
  75  6:04  Stalker x3  
  77  6:06  Probe  
  77  6:07  Immortal (Chrono Boost)  
  77  6:10  Probe  
  83  6:16  Probe  
  84  6:19  Gateway  
  84  6:20  Gateway  
  84  6:21  Probe  
  84  6:22  Assimilator  
  85  6:31  Gateway, Probe  
  87  6:33  Gateway  
  87  6:34  Pylon  
  87  6:38  Immortal (Chrono Boost)  
  87  6:40  Shield Battery  
  87  6:42  Shield Battery  
  87  6:45  Shield Battery  
  90  6:50  Stalker x2  
  90  6:52  Sentry  
  96  6:54  Stalker  
  96  6:58  Probe, Pylon  
  96  6:59  Probe x2  
  101  7:05  Forge  
  101  7:10  Warp Prism (Chrono Boost), Probe  
  104  7:20  Stalker x4  
  112  7:25  Stalker x2  
  116  7:32  Observer  
  116  7:33  Protoss Ground Weapons Level 1 (Chrono Boost), Pylon  
  116  7:34  Pylon  
  116  7:35  Pylon  
  117  7:54  Pylon  
  116  8:09  Stalker x7  
  116  8:11  Probe  
  125  8:15  Immortal (Chrono Boost), Probe x2  
  129  8:23  Probe  
  129  8:26  Gateway  
  129  8:27  Nexus, Pylon, Assimilator, Probe  
  130  8:28  Assimilator, Probe  
  132  8:35  Zealot  
  134  8:41  Robotics Bay  
  134  8:47  Immortal (Chrono Boost), Shield Battery  
  134  8:49  Shield Battery  
  134  8:51  Photon Cannon  
  134  8:55  Robotics Facility  
  138  8:57  Photon Cannon  
  138  8:58  Pylon  
  138  9:02  Stalker x3  
  142  9:14  Probe x2  
  142  9:15  Probe  
  142  9:16  Protoss Ground Weapons Level 2 (Chrono Boost), Charge (Chrono Boost)  
  145  9:19  Pylon  
  145  9:26  Probe  
  145  9:28  Zealot x2  
  145  9:29  Disruptor (Chrono Boost)  
  146  9:34  Probe x2  
  152  9:44  Disruptor (Chrono Boost)  
  156  9:50  Assimilator  
  156  9:52  Photon Cannon, Assimilator, Pylon  
  156  9:53  Photon Cannon  
  156  9:55  Photon Cannon  
  156  9:59  Disruptor  
  160  10:04  Gateway  
  160  10:09  Forge  
  160  10:17  Disruptor  
  164  10:28  Stalker x3  
  164  10:29  Zealot x5, Stalker  
  164  10:35  Disruptor  
  186  10:38  Protoss Ground Armor Level 1 (Chrono Boost)  
  184  10:55  Nexus  
  178  11:08  Zealot x6  
  178  11:09  Zealot  
  188  11:13  Probe  
  188  11:17  Immortal x2 (Chrono Boost)  
  187  11:19  Pylon, Templar Archives, Oracle (Chrono Boost)  
  187  11:21  Pylon  
  176  11:38  Stalker x3  
  176  11:39  Stalker x5  
  176  11:40  Zealot  
  176  11:41  Zealot  
  180  11:52  Observer (Chrono Boost), Photon Cannon, Immortal (Chrono Boost)  
  180  11:54  Shield Battery  
  181  12:06  High Templar x6  
  193  12:10  Archon x3  
  193  12:13  Protoss Ground Weapons Level 3 (Chrono Boost), Probe x3  
  193  12:15  Probe  
  197  12:16  Probe  
  184  12:33  Zealot x4  
  162  12:45  Zealot x3  
  161  12:53  Immortal x2 (Chrono Boost)  
  153  13:00  Psionic Storm  
  146  13:06  Probe  
  147  13:12  High Templar x2  
  147  13:13  High Templar x2  
  147  13:19  Archon x2  
  155  13:20  Zealot x5  
  155  13:21  Zealot  
  155  13:23  Immortal  
  171  13:28  Immortal  
  171  13:29  Probe x3  
  176  13:43  Probe  
  176  13:44  High Templar x3  
  176  13:45  Assimilator x2  
  176  13:46  Zealot  
  176  13:47  Zealot  
  187  13:50  Pylon  
  187  13:53  Pylon  
  187  13:56  Protoss Ground Armor Level 2  
  187  14:08  Immortal, Pylon  
  191  14:18  Probe x3  
  191  14:19  Nexus  
  191  14:21  Pylon  
  191  14:24  High Templar x2, Shield Battery  
  198  14:25  High Templar  
  198  14:26  Photon Cannon  
  196  14:38  Zealot x7  
  175  14:50  Immortal  
  173  15:03  Zealot x4  
  173  15:04  Zealot x4  
  165  15:13  High Templar x2  
  165  15:15  Probe  
  165  15:17  Probe  
  165  15:21  Assimilator  
  167  15:22  Shield Battery  
  167  15:24  Pylon  
  167  15:27  High Templar x2  
  167  15:28  High Templar  
  169  15:34  Zealot x4  
  163  15:46  Zealot x3  
  160  16:02  High Templar x2  
  146  16:07  Zealot  
  146  16:08  Zealot x5  
  143  16:12  Observer x2 (Chrono Boost)  
  141  16:22  Zealot x2  
  141  16:25  Observer (Chrono Boost), Immortal (Chrono Boost)  
  150  16:32  Probe x2  
  150  16:36  High Templar  
  152  16:42  Immortal (Chrono Boost)  
  152  16:45  Archon  
  156  16:49  High Templar x4  
  156  16:53  Archon x2  
  164  16:54  Nexus, High Templar x2  
  164  16:56  Zealot  
  170  17:02  Archon  
  170  17:14  Pylon  
  167  17:15  Oracle  
  167  17:19  Disruptor x2 (Chrono Boost)  
  164  17:43  Disruptor (Chrono Boost)  
  166  17:46  Nexus  
  164  18:04  Pylon  
  164  18:05  Zealot x3  
  158  18:26  Archon  
  148  18:35  Probe  
  148  18:36  Probe  
  148  18:47  Zealot x6  
  156  18:51  Probe x2  
  144  19:11  Zealot x3  
  144  19:16  Zealot  
  146  19:22  Probe x2  
  135  19:24  Probe  
  135  19:35  High Templar x4  
  141  19:39  High Templar x2, Archon x2  
  143  19:53  High Templar x2  
  147  20:05  Stalker  
  147  20:06  Stalker  
  133  20:23  Stalker x6  
  136  20:29  Stalker x2  
Tags
 
Add a new tag
Caveats
  • Supply blocks, unpowered buildings, or Contaminate may cause inaccurate times.
  • Supply counts are checked every 10 seconds.